AoeStats
← beneath mariana

Coastal Forest

502918204Analyzed
4v4 RM · 1mo ago on Aug 29, 2026· 23m 26s· 8 players
Game mode
Random Map
Map size
Large (8 player)
Population
200
Speed
Normal
Resources
Standard
Victory
Conquest
Starting age
Dark Age
Ending age
Imperial Age
RankedLock teamsTeams togetherTeam positionsShared explorationLock speedFull tech treeHidden civsTurbo modeCheats
Victory
Defeat
🇹🇼 Muisca · Taiwan
1529
+12
🇹🇼 Vietnamese · Taiwan
1509
+13
🇹🇼 Teutons · Taiwan
1503
+13
🇨🇱 Berbers · Chile
1494
+13
🇨🇳 Malay · China
1488
-15
🇪🇸 Inca · Spain
1456
-14
🇺🇸 Dravidians · United States
1396
-11
🇫🇮 Aztecs · Finland
1392
-11
mikeymazko
6:25 Loom
9:00 Feudal Age
10:38 Double-Bit Axe
17:57 Fletching
Splitte
10:41 Feudal Age
8:59 Loom
12:02 Double-Bit Axe
11:58 Horse Collar
19:09 Castle Age
17:49 Scale Mail Armor
18:53 Forging
18:51 Champi Runner
20:05 Squires
21:12 Champi Warrior
23:07 Chain Mail Armor
beneath mariana
9:04 Loom
11:36 Feudal Age
11:31 Double-Bit Axe
12:49 Wheelbarrow
12:03 Fishing Lines
13:10 Town Watch
20:30 Castle Age
18:34 Fletching
20:26 Bodkin Arrow
21:22 Medium Warships
21:29 Gold Mining
23:30 Forging
Mizii
7:12 Loom
10:13 Feudal Age
12:07 Double-Bit Axe
12:18 Horse Collar
20:26 Castle Age
21:37 Bow Saw
Diegazo
5:43 Loom
8:30 Feudal Age
10:16 Horse Collar
11:50 Horse Collar
18:34 Forging
19:17 Scale Barding Armor
20:43 Bloodlines
21:42 Double-Bit Axe
Evlstn
6:14 Loom
8:59 Feudal Age
11:09 Double-Bit Axe
12:55 Gold Mining
14:06 Padded Archer Armor
14:00 Fletching
14:31 Horse Collar
16:57 Padded Archer Armor
24:27 Castle Age
22:35 Stone Mining
ALmotema
10:20 Feudal Age
10:47 Double-Bit Axe
11:40 Loom
14:21 Fletching
17:44 Gold Mining
20:47 Castle Age
21:36 Bodkin Arrow
21:54 Medium Warships
22:17 Bow Saw
23:32 Gold Shaft Mining
23:14 Careening
23:28 Ballistics
23:18 Careening
hungyh
6:35 Loom
9:27 Feudal Age
9:57 Double-Bit Axe
10:52 Horse Collar
15:37 Wheelbarrow
16:53 Scale Barding Armor
16:58 Forging
17:01 Bloodlines
16:48 Gold Mining
21:20 Castle Age
22:36 Chain Barding Armor
22:52 Iron Casting
23:42 Bow Saw
Connection lost

Rejoining the realm…

Still unreachable

The connection could not be restored.

Session expired

The server has moved on; the page needs a fresh start.